AoeStats
← PhilderRohrleger

Four Lakes

509179672Analyzed
1v1 RM · 8d ago on Sep 25, 2026· 51m 32s· 2 players
Game mode
Random Map
Map size
Tiny (2 player)
Population
200
Speed
Normal
Resources
Standard
Victory
Conquest
Starting age
Dark Age
Ending age
Imperial Age
RankedLock teamsTeams togetherTeam positionsShared explorationLock speedFull tech treeHidden civsTurbo modeCheats
Victory
Defeat
🇹🇷 Celts · Türkiye
1119
+16
🇩🇪 Franks · Germany
1129
-16
cecevali
5:18 Loom
13:22 Feudal Age
17:02 Castle Age
15:40 Wheelbarrow
14:57 Fletching
15:50 Padded Archer Armor
16:19 Stone Mining
16:29 Fishing Lines
19:22 Hand Cart
20:43 Double-Bit Axe
20:42 Horse Collar
21:02 Gold Mining
21:39 Forging
21:30 Scale Mail Armor
21:48 Gillnets
26:59 Imperial Age
26:11 Scale Barding Armor
26:41 Iron Casting
26:43 Bow Saw
26:33 Town Watch
27:19 Town Patrol
28:13 Husbandry
30:05 Chain Barding Armor
30:52 Guilds
31:49 Gold Shaft Mining
33:03 Blast Furnace
32:32 Cavalier
34:49 Conscription
35:36 Stronghold
37:08 Hoardings
37:23 Paladin
38:31 Bow Saw
39:31 Chain Mail Armor
41:24 Plate Mail Armor
41:13 Arson
41:14 Gambesons
42:27 Elite Woad Raider
44:57 Bodkin Arrow
49:39 Furor Celtica
49:38 Onager
PhilderRohrleger
11:02 Feudal Age
9:41 Loom
13:12 Double-Bit Axe
14:49 Gold Mining
15:21 Fletching
15:59 Padded Archer Armor
18:48 Castle Age
18:19 Stone Mining
23:53 Gold Shaft Mining
26:44 Wheelbarrow
27:31 Husbandry
27:50 Leather Archer Armor
27:31 Bodkin Arrow
31:28 Imperial Age
33:12 Cavalier
34:45 Forging
34:41 Scale Barding Armor
37:38 Iron Casting
39:40 Chain Barding Armor
41:46 Blast Furnace
41:23 Plate Barding Armor
41:32 Ballistics
41:56 Conscription
48:01 Cranequins
51:10 Chemistry
Connection lost

Rejoining the realm…

Still unreachable

The connection could not be restored.

Session expired

The server has moved on; the page needs a fresh start.